 Dungeon Crawl Stone Soup version 0.25-a0-730-g633e9c3c14 (webtiles) character file.

Game seed: 6983468554678941634, levelgen mode: deterministic

77 kae the Ruffian (level 4, 0/35 HPs)
             Began as a Draconian Transmuter on Apr 7, 2020.
             Slain by a leopard gecko (4 damage)
             ... on level 3 of the Dungeon.
             The game lasted 00:02:57 (2162 turns).

kae the Ruffian (Draconian Transmuter)              Turns: 2162, Time: 00:02:57

Health: 0/35       AC:  2    Str: 13    XL:     4   Next: 13%
Magic:  14/16      EV: 19    Int: 14    God:
Gold:   106        SH:  0    Dex: 16    Spells: 2/8 levels left

rFire    . . .     SeeInvis .     - Unarmed
rCold    . . .     Gourm    .   (shield currently unavailable)
rNeg     . . .     Faith    .   (armour unavailable)
rPois    x         Spirit   .   (helmet currently unavailable)
rElec    .         Reflect  .   (cloak currently unavailable)
rCorr    .         Harm     .   (gloves currently unavailable)
MR       .....                  (boots currently unavailable)
Stlth    +.........             (no amulet)
HPRegen  0.11/turn              b - ring of magical power
MPRegen  0.15/turn              j - ring of flight

@: spider-form (expiring)
A: tiny, unfitting armour, AC +5
a: End Transformation, Evoke Flight


You were on level 3 of the Dungeon.
You were not hungry.
You were a venomous arachnid creature.
You visited 1 branch of the dungeon, and saw 3 of its levels.

You collected 106 gold pieces.

Inventory:

Missiles
 a - 54 arrows
Jewellery
 b - a ring of magical power (left front leg)
 j - a ring of flight (right front leg)
Wands
 h - a wand of flame (23)
Scrolls
 d - a scroll of identify
 e - a scroll of fog
 f - 2 scrolls of blinking
 m - a scroll of remove curse
 n - 4 scrolls of teleportation
Potions
 g - 2 potions of brilliance
 i - 3 potions of curing
 k - a potion of cancellation
 l - a potion of flight
Comestibles
 c - 6 rations
 o - a chunk of flesh


   Skills:
 - Level 1.1 Fighting
 - Level 1.7 Dodging
 * Level 4.1 Unarmed Combat
 + Level 2.6 Spellcasting
 + Level 2.8 Transmutations


You had 2 spell levels left.
You knew the following spells:

 Your Spells              Type           Power        Failure   Level  Hunger
a - Beastly Appendage     Tmut           #.....       19%         1    #......
b - Sticks to Snakes      Tmut           #.......     26%         2    ###....
c - Spider Form           Tmut/Pois      #.........   58%         3    ###....

Your spell library contained the following spells:

 Spells                   Type           Power        Failure   Level  Hunger
 Magic Dart               Conj           #...         43%         1    #......
 Blink                    Tloc           N/A          56%         2    ###....
 Call Imp                 Summ           #.......     56%         2    ###....
 Slow                     Hex            #.......     56%         2    ###....
 Confusing Touch          Hex            #.......     77%         3    ###....
 Conjure Flame            Conj/Fire      #.......     77%         3    ###....
 Gell's Gravitas          Tloc           #.........   77%         3    ###....
 Mephitic Cloud           Conj/Pois/Air  #.......     77%         3    ###....
 Ice Form                 Ice/Tmut       #.......     90%         4    #####..
 Petrify                  Tmut/Erth      #.......     90%         4    #####..
 Blade Hands              Tmut           #.........   97%         5    ######.
 Yara's Violent Unravell  Hex/Tmut       #.........   99%         5    ######.
 Metabolic Englaciation   Hex/Ice        #.........   100%        5    ######.


Dungeon Overview and Level Annotations

Branches:
Dungeon (3/15)

Altars:
Sif Muna
Vehumet
Wu Jian

Portals:
Sewer: D:3


Innate Abilities, Weirdness & Mutations

((Your plain brown scales are hard. (AC +5)))
You cannot fit into any form of body armour.
((You are cold-blooded and may be slowed by cold attacks.))


Message History

A leopard gecko comes into view.
You enter the shallow water.
Moving in this stuff is going to be slow.
The leopard gecko hisses angrily.
Casting: Spider Form (slightly dangerous; 36% risk of failure)
Confirm with . or Enter, or press ? or * to list all spells.
You turn into a venomous arachnid creature.
Your transformation is almost over.
You barely miss the leopard gecko.
The leopard gecko splashes around in the water.
You hit the leopard gecko.
The leopard gecko is poisoned.
The leopard gecko is moderately wounded.
The leopard gecko barely misses you. The leopard gecko bites you.
* * * LOW HITPOINT WARNING * * *
You bite the leopard gecko!
You kill the leopard gecko!
You hear the rusting of a drain.
The leopard gecko closely misses you.
You miss the leopard gecko. The leopard gecko bites you.
You die...

.. .. #≈≈≈# ##.# ##.##. #≈≈≈#
#..# ##.... #≈≈≈# ##.## . #...#
#≈∩≈# ##..# .##..# #≈≈≈# #..##
.....#### #≈≈≈### #.#######
........#. #≈≈≈#§#####.#......
###..#.....# #≈†l#§§.(†<..(.....
##.###.#....##.s.###.####.......
#..# ..........##...# ##......
#.######.##....÷...### ##......
##..........###.....######.......
....#####.#.##..##.....##..#.....
.#.## #.#....####..............
#..# #.#......##.......###....
#.## #...####....####.........
#>##### #.## #..######..##.....


You could see a leopard gecko.

Vanquished Creatures
  An adder (D:3)
  4 leopard geckos (D:3)
  8 bats
  2 giant cockroaches (D:2)
  3 goblins
  12 hobgoblins
  A jackal (D:1)
  5 kobolds
  A quokka (D:3)
  2 ball pythons (D:1)
  5 frilled lizards
  4 rats
48 creatures vanquished.

Vanquished Creatures (collateral kills)
  An adder (D:2)
  A worm (D:2)
  A ball python (D:2)
3 creatures vanquished.

Grand Total: 51 creatures vanquished

Notes
Turn   | Place    | Note
-------+----------+-------------------------------------------
     0 | D:1      | kae the Draconian Transmuter began the quest for the Orb.
     0 | D:1      | Reached XP level 1. HP: 16/16 MP: 3/3
   196 | D:1      | Reached XP level 2. HP: 22/23 MP: 3/5
   826 | D:1      | You fall into a shaft and drop 1 floor!
   845 | D:2      | Learned a level 2 spell: Sticks to Snakes
   927 | D:2      | Reached XP level 3. HP: 27/28 MP: 4/6
   932 | D:2      | Learned a level 3 spell: Spider Form
   962 | D:2      | Found an ornate altar of the Wu Jian Council.
   969 | D:2      | Found a shimmering blue altar of Sif Muna.
  1177 | D:2      | Found a radiant altar of Vehumet.
  1987 | D:3      | Reached skill level 4 in Unarmed Combat
  2097 | D:3      | Reached XP level 4. HP: 28/35 MP: 7/7
  2123 | D:3      | Found a glowing drain.
  2162 | D:3      | Slain by a leopard gecko

Levels and vault maps discovered:
D:1:      dpeg_arrival_central, layout_loops_ring, minmay_tromino_i2
D:2:      layout_basic, old_standard_altar, nicolae_overflow_hidden_temple,
          overflow_temple_1_default
D:3:      layout_rooms, portal_sewer_entry_f, first_ration, fedhas_altar_1

Skill      XL: |  1  2  3 |
---------------+----------+-----
Unarmed Combat | 4 |  4.1
Fighting       | |  1.1
Dodging        | |  1.7
Spellcasting   | |  2.6
Transmutations | |  2.8

Action                   |  1- 3 |  4- 6 || total
-------------------------+-------+-------++-------
Melee: Unarmed           |   175 |    22 ||   197
       Tailslap          |    13 |     1 ||    14
       Kick              |    15 |       ||    15
       Headbutt          |     5 |       ||     5
       Punch             |     3 |       ||     3
 Cast: Beastly Appendage |    28 |       ||    28
       Sticks to Snakes  |     3 |       ||     3
       Spider Form       |       |     2 ||     2
  Use: Scroll            |     8 |       ||     8
  Eat: Chunk             |     2 |       ||     2
       Ration            |     1 |       ||     1
Armor: Skin              |    49 |     2 ||    51
Dodge: Dodged            |    99 |    15 ||   114

Table legend:
 A = Non-vault XP
 B = Vault XP
 C = Vault XP percentage of total XP
 D = Non-vault monster count
 E = Vault monster count
 F = Vault count percentage of total count
                 A         B        C        D         E       F
            +---------+---------+-------+---------+---------+-------
      Total |      94 |      16 |  14.5 |      45 |       6 |  11.8
            +---------+---------+-------+---------+---------+-------
        D:1 |      30 |       4 |  11.8 |      20 |       2 |   9.1
        D:2 |      43 |       0 |   0.0 |      19 |       0 |   0.0
        D:3 |      21 |      12 |  36.4 |       6 |       4 |  40.0
            +---------+---------+-------+---------+---------+-------
